 Dungeon Crawl Stone Soup version 0.26-a0-810-ge1a9524b62 (webtiles) character file.

Game seed: 3897670783047879548

21 selver the Caller (level 2, 0/19 HPs)
             Began as a Merfolk Summoner on Nov 12, 2020.
             Killed from afar by a white imp (13 damage)
             ... with a puff of frost
             ... on level 2 of the Dungeon.
             The game lasted 00:02:49 (937 turns).

selver the Caller (Merfolk Summoner)                 Turns: 937, Time: 00:02:50

Health: 0/19       AC:  2    Str:  8    XL:     2   Next: 87%
Magic:  3/5        EV: 13    Int: 14    God:
Gold:   52         SH:  0    Dex: 14    Spells: 4/5 levels left

rFire    . . .     SeeInvis .   j - +0 spear
rCold    . . .     Faith    .   (no shield)
rNeg     . . .     Spirit   .   a - +0 robe
rPois    +         Reflect  .   (no helmet)
rElec    .         Harm     .   (no cloak)
rCorr    .         Rampage  .   (no gloves)
MR       .....                  (no boots)
Stlth    ++........             (no amulet)
HPRegen  0.06/turn              h - ring of poison resistance
MPRegen  0.09/turn              (no ring)

@: no status effects
A: change form in water, swift swim, stealthy swim
a: no special abilities


You were on level 2 of the Dungeon.
You visited 1 branch of the dungeon, and saw 2 of its levels.

You collected 52 gold pieces.

Inventory:

Hand Weapons
 f - a +0 short sword
 i - a +0 mace of protection
 j - a +0 spear (weapon)
Armour
 a - a +0 robe (worn)
Jewellery
 h - a ring of poison resistance (left hand)
Scrolls
 b - a scroll of noise {unknown}
 c - a scroll of amnesia {unknown}
 d - a scroll of teleportation {unknown}
 g - a scroll of fog {unknown}
 k - a scroll of identify {unknown}
Potions
 e - 2 potions of might {unknown}
 l - a potion of heal wounds {unknown}


   Skills:
 - Level 2.6 Dodging
 - Level 2.1 Stealth
 + Level 2.3 Spellcasting
 * Level 4.6 Summonings


You had 4 spell levels left.
You knew the following spells:

 Your Spells              Type           Power        Failure   Level
a - Summon Small Mammal   Summ           ##..         3%          1

Your spell library contained the following spells:

 Spells                   Type           Power        Failure   Level
 Call Imp                 Summ           ##......     5%          2
 Call Canine Familiar     Summ           ##......     11%         3
 Summon Guardian Golem    Hex/Summ       #.......     26%         3
 Summon Ice Beast         Ice/Summ       #.......     65%         4
 Summon Lightning Spire   Summ/Air       #.......     65%         4


Dungeon Overview and Level Annotations

Branches:
Dungeon (2/15)

Altars:


Message History

(D) Dungeon
Where to? (? - help)
There is a stone staircase leading down here.
You climb downwards.
There is a stone staircase leading up here.
A white imp comes into view.
The white imp shouts, "Scamper away, thou pox-marked moon-mazed vulture!"
A rat and a quokka come into view.
Casting: Summon Small Mammal (safe; 3% risk of failure)
Confirm with . or Enter, or press ? or * to list all spells.
An adder comes into view.
The white imp gestures at you. The puff of frost hits you.
The adder moves out of view.
Casting: Summon Small Mammal (safe; 3% risk of failure)
Confirm with . or Enter, or press ? or * to list all spells.
The rat twitches its whiskers.
The white imp gestures at you. The puff of frost hits you!
Ouch! That really hurt!
You die...

#.#####
#.# #.#
#.# #.#
#.# #.#
#b#####.#.
+r@...5rr.
#.#####.#.
#.# #..
###


You could see a white imp, a quokka, a rat, a friendly bat (summoned) and a
friendly rat (summoned).

Vanquished Creatures
  A dart slug (D:1)
  A giant cockroach (D:1)
  3 hobgoblins (D:1)
  A ball python (D:1)
  2 frilled lizards (D:1)
  3 kobolds (D:1)
  2 rats (D:1)
13 creatures vanquished.

Vanquished Creatures (collateral kills)
  A leopard gecko (D:1)
  2 goblins (D:1)
  A hobgoblin (D:1)
  A kobold (D:1)
  2 frilled lizards (D:1)
  A rat (D:1)
8 creatures vanquished.

Grand Total: 21 creatures vanquished

Notes
Turn   | Place    | Note
-------+----------+-------------------------------------------
     0 | D:1      | selver the Merfolk Summoner began the quest for the Orb.
     0 | D:1      | Reached XP level 1. HP: 13/13 MP: 3/3
   297 | D:1      | Reached XP level 2. HP: 19/19 MP: 3/5
   937 | D:2      | Killed from afar by a white imp

Illustrated notes

Levels and vault maps discovered:
D:1:      dpeg_arrival_rhombus, layout_rooms, minmay_tetromino_t4
D:2:      layout_basic, chequers_mini_garden

Action                   || total
-------------------------++-------
Melee: Club              ||    19
       Unarmed           ||     1
       Spear             ||    15
       Mace              ||    13
       Short sword       ||     8
 Cast: Summon Small Mamm ||    13
 Stab: Sleeping          ||     2
Armor: Robe              ||    12
Dodge: Dodged            ||    61

Table legend: (Time is in decaauts)
 A = Elapsed time spent in this place.
 B = Non-inter-level travel time spent in this place.
 C = Inter-level travel time spent in this place.
 D = Time resting spent in this place.
 E = Time spent auto-exploring this place.
 F = Levels seen in this place.
 G = Mean time per level.
                   A        B        C        D        E       F      G
               +--------+--------+--------+--------+--------+-----+--------+
         Total |    947 |    931 |     16 |    235 |    496 |   2 |  473.5 |
       Dungeon |    947 |    931 |     16 |    235 |    496 |   2 |  473.5 |
               +--------+--------+--------+--------+--------+-----+--------+

Top non-repeatable levels by time:
     D:1: 933 daAuts
     D:2: 13 daAuts
